 Dungeon Crawl Stone Soup version 0.31-a0-1388-g4b2ba238e7 (webtiles) character file.

Game seed: 6243376289957546301

233 MisterAzrael the Changeling (level 6, -3/57 HPs)
             Began as an Octopode Shapeshifter on Dec 24, 2023.
             Slain by an ice beast (9 damage)
             ... on level 5 of the Dungeon.
             The game lasted 00:04:11 (3458 turns).

MisterAzrael the Changeling (Octopode Shapeshifter) Turns: 3458, Time: 00:04:12

Health: -3/57      AC: 23    Str: 15    XL:     6   Next: 4%
Magic:  6/6        EV:  2    Int: 13    God:
Gold:   257        SH:  7    Dex: 11    Spells: 2/5 levels left

rFire   . .          .
                       - Unarmed
rCold   . . .        p - +0 kite shield
rNeg    . . .        (helmet currently unavailable)
rPois   +            (no amulet)
rElec   .            (no ring)
rCorr   .            (no ring)
SInv    .            (no ring)
Will    .....        (no ring)
Stlth   +            (no ring)
HPRegen 0.29/turn    (no ring)
MPRegen 0.10/turn    (no ring)
                     (no ring)

%: no passive effects
@: tree-form
A: stationary, stasis, torment immunity, boosted hp, almost no armour,
(amphibious), 8 rings, (camouflage 1), (gelatinous body 1), (nimble swimmer 1),
(tentacles)
a: no special abilities


You were on level 5 of the Dungeon.
You were a tree.
You visited 1 branch of the dungeon, and saw 5 of its levels.

You collected 257 gold pieces.

Inventory:

Missiles
 d - 21 poisoned darts (quivered)
 h - 4 boomerangs
 o - 2 curare-tipped darts
Armour
 p - a +0 kite shield (worn)
Talismans
 b - a beast talisman
 c - a flux talisman
 f - a serpent talisman
Scrolls
 g - 2 scrolls of enchant weapon
 n - 3 scrolls of identify {unknown}
 q - a scroll of teleportation {unknown}
 t - a scroll of vulnerability {unknown}
 u - a scroll of enchant armour {unknown}
Potions
 e - a potion of invisibility {unknown}
 i - 2 potions of mutation {unknown}
 j - a potion of heal wounds {unknown}
 k - a potion of enlightenment {unknown}
 l - a potion of attraction {unknown}
 m - a potion of brilliance {unknown}
 r - a potion of might {unknown}
 s - a potion of curing {unknown}


   Skills:
 - Level 1.0 Fighting
 + Level 2.1 Throwing
 - Level 2.0 Dodging
 + Level 4.2 Unarmed Combat
 * Level 5.0 Shapeshifting


You had 2 spell levels left.
You knew the following spells:

 Your Spells              Type           Power      Damage    Failure   Level
a - Vampiric Draining     Necr           0%         2d6       98%         3

Your spell library contained the following spells:

 Spells                   Type           Power      Damage    Failure   Level
 Slow                     Hex            0%         N/A       75%         1
 Cigotuvi's Dreadful Rot  Necr/Alch/Air  0%         N/A       86%         2
 Confusing Touch          Hex            0%         N/A       98%         3
 Sigil of Binding         Hex            0%         N/A       98%         3
 Dispel Undead            Necr           0%         3d6       100%        4
 Death Channel            Necr           0%         N/A       100%        6


Dungeon Overview and Level Annotations

Branches:
Dungeon (5/15)
 Temple: D:4-7

Altars:
Dithmenos
Ru

Shops:
D:2 ?   D:3 (   D:4 !

Annotations:
D:4 2 transporters, Curundu's ghost, amateur MiBe


Innate Abilities, Weirdness & Mutations

You are a tree.
Your roots penetrate the ground, keeping you stationary.
You cannot be teleported.
You are immune to unholy pain and torment.
Your maximum health is greatly increased.
You cannot wear most types of armour.
((You are amphibious.))
You can wear up to eight rings at the same time.
((Your skin changes colour to match your surroundings (Stealth+).))
((Your rubbery body absorbs attacks. (AC +1, EV +1)))
((You are camouflaged when in or above water. (Stealth+)))
((You have tentacles for arms and can constrict up to eight enemies at once.))


Message History

You barely miss the ice beast.
The ice beast is heavily wounded.
The ice beast hits you. The ice beast freezes you!
* * * LOW HITPOINT WARNING * * *
You closely miss the ice beast.
The ice beast is heavily wounded.
The ice beast hits you but does no damage.
Your transformation has ended.
You turn into a tree.
Your roots penetrate the ground.
You block the ice beast's attack.
You barely miss the ice beast.
The ice beast is heavily wounded.
The ice beast hits you but does no damage. x2
You hit the ice beast but do no damage.
The ice beast is heavily wounded.
You block the ice beast's attack.
You hit the ice beast.
The ice beast is heavily wounded.
The ice beast hits you but does no damage.
You hit the ice beast but do no damage.
The ice beast is heavily wounded.
The ice beast hits you.
* * * LOW HITPOINT WARNING * * *
The ice beast freezes you.
* * * LOW HITPOINT WARNING * * *
You completely miss the ice beast.
The ice beast is heavily wounded.
You block the ice beast's attack.
You hit the ice beast.
The ice beast is severely wounded.
The ice beast hits you but does no damage.
You hit the ice beast but do no damage.
The ice beast is severely wounded.
You block the ice beast's attack.
You hit the ice beast.
The ice beast is almost dead.
The ice beast hits you.
* * * LOW HITPOINT WARNING * * *
The ice beast freezes you!
You die...

.... #.## #.# #### #.#
####.. # #.# #..... .#
#.# #.##.#####.. # #.#
#.##.##... ...
#.#########.##.##.##...#
................♣Y....#
#.....................#
######...##.#########.#
######.######## #
#......... ##########


You could see an ice beast.

Vanquished Creatures
  A scorpion (D:4)
  Jessica (D:3)
  7 adders
  3 worms
  2 dart slugs
  An orc (D:3)
  6 ball pythons
  11 endoplasms
  4 giant cockroaches
  8 goblins
  7 hobgoblins
  3 jackals (D:1)
  A quokka (D:1)
  4 bats
  6 frilled lizards
  2 kobolds
  7 rats
74 creatures vanquished.

Notes
Turn   | Place    | Note
-------+----------+-------------------------------------------
     0 | D:1      | MisterAzrael the Octopode Shapeshifter began the quest for
                  | the Orb.
     0 | D:1      | Reached XP level 1. HP: 13/13 MP: 1/1
   163 | D:1      | Reached XP level 2. HP: 9/18 MP: 2/2
   560 | D:1      | Reached XP level 3. HP: 23/23 MP: 3/3
   916 | D:1      | Found a faded altar of an unknown god.
  1236 | D:2      | Reached skill level 4 in Shapeshifting
  1236 | D:2      | Reached XP level 4. HP: 28/28 MP: 4/4
  1512 | D:2      | Found Erao's Magic Scroll Shop.
  1571 | D:2      | Reached skill level 1 in Throwing
  1585 | D:2      | Found a shadowy altar of Dithmenos.
  2154 | D:3      | Noticed Jessica
  2161 | D:3      | Killed Jessica
  2162 | D:3      | Reached XP level 5. HP: 33/33 MP: 5/5
  2444 | D:3      | Learned a level 3 spell: Vampiric Draining
  2577 | D:3      | Found Nucla's Weapon Shoppe.
  2913 | D:4      | Found Qeguesocs's Distillery.
  2921 | D:4      | Identified the +6 spear of Gluttony {pain, *Rage Int+6}
  2933 | D:4      | Found a transporter.
  2971 | D:4      | Noticed Curundu's ghost (amateur MiBe)
  2982 | D:4      | Found a transporter.
  3071 | D:4      | Found a sacrificial altar of Ru.
  3081 | D:4      | Reached XP level 6. HP: 22/38 MP: 6/6
  3177 | D:4      | Reached skill level 5 in Shapeshifting
  3398 | D:5      | Entered Level 5 of the Dungeon
  3437 | D:5      | Noticed an ice beast
  3458 | D:5      | Slain by an ice beast

Illustrated notes

Levels and vault maps discovered:
D:1:      minmay_arrival_five_plusses, layout_loops_corners,
          hellmonk_ecumenical_altar_leap_of_faith, hex_large,
          minmay_tromino_v4_c
D:2:      layout_loops_ring, serial_shops, nicolae_shop_real_fake_doors,
          basic_altar
D:3:      layout_basic, serial_curves, eino_curves_04, eino_curves_02,
          serial_shops, nicolae_shop_rolling_square, st_stairs_5, uniq_jessica
D:4:      layout_cave_pools, mainiacjoe_overflow_paths, serial_shops, shop,
          gammafunk_ghost_gnarly_gnolls, nicolae_figureground_sparkle
D:5:      layout_loops_ring

Skill      XL: |  1  2  3  4  5  6 |
---------------+-------------------+-----
Shapeshifting  | 4 5 |  5.0
Throwing       | 1 2 |  2.1
Unarmed Combat | 4 |  4.2
Fighting       | |  1.0
Dodging        | |  2.0

Action                     |  1- 3 |  4- 6 || total
---------------------------+-------+-------++-------
  Melee: Unarmed           |    72 |    81 ||   153
         Constrict         |    16 |    18 ||    34
         Tentacles         |     9 |    13 ||    22
         Punch             |     1 |       ||     1
    Use: Scroll            |       |     1 ||     1
         Potion            |       |     1 ||     1
   Stab: Sleeping          |    15 |     3 ||    18
 Armour: Skin              |    21 |    33 ||    54
  Dodge: Dodged            |    34 |    29 ||    63
  Block: Kite shield       |       |    10 ||    10

Table legend: (Time is in decaauts)
 A = Elapsed time spent in this place.
 B = Non-inter-level travel time spent in this place.
 C = Inter-level travel time spent in this place.
 D = Time resting spent in this place.
 E = Time spent auto-exploring this place.
 F = Levels seen in this place.
 G = Mean time per level.
                   A        B        C        D        E       F      G
               +--------+--------+--------+--------+--------+-----+--------+
         Total |   3452 |   3287 |    165 |    519 |   2289 |   5 |  690.4 |
       Dungeon |   3452 |   3287 |    165 |    519 |   2289 |   5 |  690.4 |
               +--------+--------+--------+--------+--------+-----+--------+

Top non-repeatable levels by time:
     D:1: 1110 daAuts
     D:3: 871 daAuts
     D:2: 866 daAuts
     D:4: 542 daAuts
     D:5: 61 daAuts
